TOP OF THE 1ST |
Orem Owlz batting - Pitching for Oakland (APP) Athletics : RHP Jaime Sanchez
|
Pitching: RHP Jaime Sanchez
|
|
Batting: RHB Daniel Molina
|
0-0: Called Strike 0-1: Bunt missed! 0-2: Strikes out swinging
|
Batting: RHB Fred Saxton
|
0-0: Ball 1-0: Called Strike 1-1: Ball 2-1: Ball 3-1: Base on Balls
|
Batting: LHB Ramon Garduno
|
0-0: Ball 1-0: Hit by Pitch Fred Saxton to second
|
Batting: LHB Bill Girton
|
0-0: Called Strike 0-1: Grounds out, U3 (Groundball, 3L, EV 89.4 MPH) Fred Saxton to third
|
Batting: RHB Ivan Barrientos
|
0-0: Ball 1-0: Ground out 4-3 (Groundball, 4, EV 105.6 MPH)
|
Top of the 1st over - 0 runs, 0 hits, 0 errors, 2 left on base; Orem 0 - Oakland (APP) 0 |
BOTTOM OF THE 1ST |
Oakland (APP) Athletics batting - Pitching for Orem Owlz : RHP Ju-wei Long
|
Pitching: RHP Ju-wei Long
|
|
Batting: RHB Scott Lister
|
0-0: Swinging Strike 0-1: Swinging Strike 0-2: Ball 1-2: Foul Ball, location: 2F 1-2: Foul Ball, location: 2F 1-2: DOUBLE (Groundball, 5L, EV 103.1 MPH)
|
Batting: RHB Gabe Secundino
|
0-0: Ball Wild Pitch! Scott Lister to third 1-0: 2-RUN HOME RUN (Flyball, 78XD, EV 102.5 MPH), Distance : 419 ft
|
Batting: LHB Alejandro Muniz
|
0-0: Ball 1-0: Ball 2-0: Foul Ball, location: 2F 2-1: SOLO HOME RUN (Flyball, 89XD, EV 112.5 MPH), Distance : 429 ft
|
Batting: LHB Roscoe Romaine
|
0-0: Ball 1-0: Swinging Strike 1-1: Fly out, F7 (Flyball, 7S, EV 83.1 MPH)
|
Batting: RHB Rafael Alarcon
|
0-0: Ball 1-0: Called Strike 1-1: Ball 2-1: Foul Ball, location: 2F 2-2: Ball 3-2: Base on Balls
|
Batting: RHB Ryan Jennings
|
0-0: Ball 1-0: SINGLE (Line Drive, 56, EV 102.5 MPH) Rafael Alarcon to second
|
Batting: RHB Ricardo Claros
|
0-0: Ball 1-0: Ball 2-0: Foul Ball, location: 2F 2-1: Called Strike 2-2: Foul Ball, location: 2F 2-2: Ball 3-2: Base on Balls Rafael Alarcon to third Ryan Jennings to second
|
Batting: RHB Phoctor Dill
|
0-0: Called Strike 0-1: Fly out, F9 (Flyball, 89S, EV 80.0 MPH)
|
Batting: LHB Bill Helmer
|
0-0: Called Strike 0-1: DOUBLE (Line Drive, 5D, EV 100.6 MPH) Rafael Alarcon scores Ryan Jennings scores Ricardo Claros to third
|
Batting: RHB Scott Lister
|
0-0: Foul Ball, location: 2F 0-1: Foul Ball, location: 2F 0-2: Strikes out swinging
|
Bottom of the 1st over - 5 runs, 5 hits, 0 errors, 2 left on base; Orem 0 - Oakland (APP) 5 |
TOP OF THE 2ND |
Orem Owlz batting - Pitching for Oakland (APP) Athletics : RHP Jaime Sanchez
|
Batting: SHB David Vigo
|
0-0: Ball 1-0: Called Strike 1-1: Swinging Strike 1-2: Strikes out swinging passed ball, reaches first!
|
Batting: SHB Yuya Hirata
|
0-0: Called Strike 0-1: Ball 1-1: Ball David Vigo is caught stealing 2nd base 2-6 2-1: Called Strike 2-2: Ball 3-2: Ground out U3 (Groundball, 3, EV 86.9 MPH)
|
Batting: SHB Marty Kuehn
|
0-0: Ball 1-0: Foul Ball, location: 2F 1-1: Ball 2-1: Foul Ball, location: 2F 2-2: Strikes out looking
|
Top of the 2nd over - 0 runs, 0 hits, 0 errors, 0 left on base; Orem 0 - Oakland (APP) 5 |
BOTTOM OF THE 2ND |
Oakland (APP) Athletics batting - Pitching for Orem Owlz : RHP Ju-wei Long
|
Batting: RHB Gabe Secundino
|
0-0: Ball 1-0: Swinging Strike 1-1: Swinging Strike 1-2: Strikes out swinging, 2-3 out at first.
|
Batting: LHB Alejandro Muniz
|
0-0: Ball 1-0: Ball 2-0: Fly out, F4 (Popup, 4, EV 70.6 MPH)
|
Batting: LHB Roscoe Romaine
|
0-0: Foul Ball, location: 2F 0-1: Ball 1-1: Ball 2-1: Ball 3-1: Foul Ball, location: 2F 3-2: SOLO HOME RUN (Flyball, 9D, EV 106.2 MPH), Distance : 409 ft
|
Batting: RHB Rafael Alarcon
|
0-0: Ball 1-0: Fly out, F8 (Flyball, 8LS, EV 89.4 MPH)
|
Bottom of the 2nd over - 1 run, 1 hit, 0 errors, 0 left on base; Orem 0 - Oakland (APP) 6 |
TOP OF THE 3RD |
Orem Owlz batting - Pitching for Oakland (APP) Athletics : RHP Jaime Sanchez
|
Batting: RHB Carlos Gonzales
|
0-0: Ball 1-0: Fly out, F8 (Flyball, 8LD, EV 106.2 MPH)
|
Batting: RHB Daniel Molina
|
0-0: Ball 1-0: Ball 2-0: Called Strike 2-1: Called Strike 2-2: Ball 3-2: Foul Ball, location: 2F 3-2: Fly out, F9 (Line Drive, 9D, EV 103.1 MPH)
|
Batting: RHB Fred Saxton
|
0-0: Foul Ball, location: 2F 0-1: Swinging Strike 0-2: Ball 1-2: Strikes out swinging
|
Top of the 3rd over - 0 runs, 0 hits, 0 errors, 0 left on base; Orem 0 - Oakland (APP) 6 |
BOTTOM OF THE 3RD |
Oakland (APP) Athletics batting - Pitching for Orem Owlz : RHP Ju-wei Long
|
Batting: RHB Ryan Jennings
|
0-0: Swinging Strike 0-1: Foul Ball, location: 2F 0-2: Ball 1-2: Ball 2-2: Ball 3-2: Base on Balls
|
Pitching: RHP Victor Padilla
|
|
Batting: RHB Ricardo Claros
|
0-0: Foul Ball, location: 2F 0-1: Called Strike 0-2: Ball 1-2: Ball 2-2: Foul Ball, location: 2F 2-2: Strikes out swinging
|
Batting: RHB Phoctor Dill
|
0-0: Ball 1-0: TRIPLE (Flyball, 89XD, EV 95.0 MPH) Ryan Jennings scores
|
Batting: LHB Bill Helmer
|
0-0: Swinging Strike 0-1: Foul Ball, location: 2F 0-2: Ball 1-2: Strikes out looking
|
Batting: RHB Scott Lister
|
0-0: Swinging Strike 0-1: Swinging Strike 0-2: Hit by Pitch
|
Batting: RHB Gabe Secundino
|
0-0: Ball Scott Lister steals 2nd base 1-0: Ball 2-0: Called Strike 2-1: TRIPLE (Flyball, 8RXD, EV 90.0 MPH) Phoctor Dill scores Scott Lister scores
|
Batting: LHB Alejandro Muniz
|
0-0: Ground out 6-3 (Groundball, 6, EV 100.6 MPH)
|
Bottom of the 3rd over - 3 runs, 2 hits, 0 errors, 1 left on base; Orem 0 - Oakland (APP) 9 |
TOP OF THE 4TH |
Orem Owlz batting - Pitching for Oakland (APP) Athletics : RHP Jaime Sanchez
|
Batting: LHB Ramon Garduno
|
0-0: Swinging Strike 0-1: Ball 1-1: Ball 2-1: Ball 3-1: Base on Balls
|
Batting: LHB Bill Girton
|
0-0: Ball 1-0: Called Strike 1-1: Swinging Strike 1-2: Ball Wild Pitch! Ramon Garduno to second 2-2: SINGLE (Flyball, 8RS, EV 90.6 MPH) Ramon Garduno to third
|
Batting: RHB Ivan Barrientos
|
0-0: Ball 1-0: Foul Ball, location: 2F 1-1: Called Strike 1-2: Strikes out swinging
|
Pitching: RHP Joey Patrick
|
|
Batting: SHB David Vigo
|
0-0: Fielders Choice at 2nd, 5-4 (Groundball, 56S, EV 84.4 MPH) Ramon Garduno scores
|
Batting: SHB Yuya Hirata
|
0-0: Foul Ball, location: 2F 0-1: Ball David Vigo steals 2nd base 1-1: Ground out 4-3 (Groundball, 4, EV 85.0 MPH)
|
Top of the 4th over - 1 run, 1 hit, 0 errors, 1 left on base; Orem 1 - Oakland (APP) 9 |
BOTTOM OF THE 4TH |
Oakland (APP) Athletics batting - Pitching for Orem Owlz : RHP Victor Padilla
|
Batting: LHB Roscoe Romaine
|
0-0: Ball 1-0: Called Strike 1-1: Ball 2-1: Ball 3-1: Foul Ball, location: 2F 3-2: Foul Ball, location: 2F 3-2: Foul Ball, location: 2F 3-2: Fly out, F9 (Flyball, 89S, EV 80.6 MPH)
|
Batting: RHB Rafael Alarcon
|
0-0: Ball 1-0: Foul Ball, location: 2F 1-1: SINGLE (Flyball, 8LS, EV 95.0 MPH)
|
Pitching: LHP Yee Koh
|
|
Batting: RHB Ryan Jennings
|
0-0: Ball 1-0: Ball 2-0: Ball 3-0: Called Strike 3-1: Foul Ball, location: 2F 3-2: Base on Balls Rafael Alarcon to second
|
Batting: RHB Ricardo Claros
|
0-0: Ball 1-0: Ball 2-0: Ball 3-0: Called Strike 3-1: Base on Balls Rafael Alarcon to third Ryan Jennings to second
|
Batting: RHB Phoctor Dill
|
0-0: Called Strike 0-1: Called Strike 0-2: Foul Ball, location: 2F 0-2: Foul Ball, location: 2F 0-2: Foul Ball, location: 2F 0-2: Foul Ball, location: 2F 0-2: Fielders Choice at 2nd, 3-6 (Groundball, 34S, EV 90.0 MPH) Rafael Alarcon scores Ryan Jennings to third
|
Batting: LHB Bill Helmer
|
0-0: Called Strike 0-1: Foul Ball, location: 2F 0-2: Ball 1-2: Strikes out swinging
|
Bottom of the 4th over - 1 run, 1 hit, 0 errors, 2 left on base; Orem 1 - Oakland (APP) 10 |
TOP OF THE 5TH |
Orem Owlz batting - Pitching for Oakland (APP) Athletics : RHP Joey Patrick
|
Batting: SHB Marty Kuehn
|
0-0: Ball 1-0: Fly out, F8 (Flyball, 89M, EV 85.6 MPH)
|
Batting: RHB Carlos Gonzales
|
0-0: Called Strike 0-1: Ground out 4-3 (Groundball, 4, EV 89.4 MPH)
|
Batting: RHB Daniel Molina
|
0-0: Ball 1-0: Swinging Strike 1-1: Hit by Pitch
|
Batting: RHB Fred Saxton
|
0-0: Ball Daniel Molina steals 2nd base 1-0: Called Strike 1-1: Foul Ball, location: 2F 1-2: Ball 2-2: Foul Ball, location: 2F 2-2: Strikes out swinging
|
Top of the 5th over - 0 runs, 0 hits, 0 errors, 1 left on base; Orem 1 - Oakland (APP) 10 |
BOTTOM OF THE 5TH |
Oakland (APP) Athletics batting - Pitching for Orem Owlz : LHP Yee Koh
|
Batting: RHB Scott Lister
|
0-0: Ball 1-0: Called Strike 1-1: Called Strike 1-2: Ball 2-2: Ball 3-2: Strikes out swinging
|
Batting: RHB Gabe Secundino
|
0-0: Ball 1-0: Called Strike 1-1: Ball 2-1: Ball 3-1: Fly out, F9 (Line Drive, 9S, EV 94.4 MPH)
|
Batting: LHB Alejandro Muniz
|
0-0: Ball 1-0: Foul Ball, location: 2F 1-1: Foul Ball, location: 2F 1-2: SOLO HOME RUN (Flyball, 9D, EV 100.0 MPH), Distance : 398 ft
|
Batting: LHB Roscoe Romaine
|
0-0: DOUBLE (Flyball, 8RXD, EV 102.5 MPH)
|
Pitching: RHP Arnold Frye
|
|
Batting: RHB Rafael Alarcon
|
0-0: Called Strike 0-1: Ground out 6-3 (Groundball, 6, EV 79.4 MPH)
|
Bottom of the 5th over - 1 run, 2 hits, 0 errors, 1 left on base; Orem 1 - Oakland (APP) 11 |
TOP OF THE 6TH |
Orem Owlz batting - Pitching for Oakland (APP) Athletics : RHP Joey Patrick
|
Batting: LHB Ramon Garduno
|
0-0: Called Strike 0-1: SOLO HOME RUN (Flyball, 9LD, EV 100.0 MPH), Distance : 390 ft
|
Batting: LHB Bill Girton
|
0-0: Called Strike 0-1: Ball 1-1: Ball 2-1: Foul Ball, location: 2F 2-2: Strikes out swinging
|
Batting: RHB Ivan Barrientos
|
0-0: Ball 1-0: Swinging Strike 1-1: Ball 2-1: Ball 3-1: Foul Ball, location: 2F 3-2: Ground out 6-3 (Groundball, 6, EV 102.5 MPH)
|
Batting: SHB David Vigo
|
0-0: Called Strike 0-1: Ball 1-1: Ball 2-1: Ball 3-1: Foul Ball, location: 2F 3-2: Strikes out swinging
|
Top of the 6th over - 1 run, 1 hit, 0 errors, 0 left on base; Orem 2 - Oakland (APP) 11 |
BOTTOM OF THE 6TH |
Oakland (APP) Athletics batting - Pitching for Orem Owlz : RHP Arnold Frye
|
Batting: RHB Ryan Jennings
|
0-0: Ball 1-0: Fly out, F5 (Line Drive, 5, EV 75.0 MPH)
|
Batting: RHB Ricardo Claros
|
0-0: Ground out 6-3 (Groundball, 6, EV 99.4 MPH)
|
Batting: RHB Phoctor Dill
|
0-0: Called Strike 0-1: Ball 1-1: Ball 2-1: Foul Ball, location: 2F 2-2: Strikes out swinging, 2-3 out at first.
|
Bottom of the 6th over - 0 runs, 0 hits, 0 errors, 0 left on base; Orem 2 - Oakland (APP) 11 |
TOP OF THE 7TH |
Orem Owlz batting - Pitching for Oakland (APP) Athletics : RHP Joey Patrick
|
Batting: SHB Yuya Hirata
|
0-0: Ball 1-0: Foul Ball, location: 2F 1-1: Called Strike 1-2: Foul Ball, location: 2F 1-2: Strikes out swinging
|
Batting: SHB Marty Kuehn
|
0-0: Ball 1-0: Ball 2-0: Ground out 5-3 (Groundball, 56, EV 79.4 MPH)
|
Batting: RHB Carlos Gonzales
|
0-0: Ball 1-0: Ball 2-0: Called Strike 2-1: Called Strike 2-2: Fly out, F8 (Line Drive, 78M, EV 97.5 MPH)
|
Top of the 7th over - 0 runs, 0 hits, 0 errors, 0 left on base; Orem 2 - Oakland (APP) 11 |
BOTTOM OF THE 7TH |
Oakland (APP) Athletics batting - Pitching for Orem Owlz : RHP Arnold Frye
|
Batting: LHB Bill Helmer
|
0-0: Ball 1-0: Ground out 4-3 (Groundball, 4, EV 83.8 MPH)
|
Batting: RHB Scott Lister
|
0-0: DOUBLE (Line Drive, 78D, EV 106.9 MPH)
|
Batting: RHB Gabe Secundino
|
0-0: Ball 1-0: SINGLE (Groundball, 56D, EV 95.6 MPH) (infield hit) Scott Lister to third
|
Batting: LHB Alejandro Muniz
|
0-0: Called Strike 0-1: Ball 1-1: Swinging Strike 1-2: SINGLE (Groundball, 34D, EV 106.9 MPH) Scott Lister scores Gabe Secundino to second Runner from 2nd tries for 3rd, OUT! 9-5
|
Batting: LHB Roscoe Romaine
|
0-0: Called Strike 0-1: Ball 1-1: DOUBLE (Line Drive, 9LM, EV 111.2 MPH) Alejandro Muniz to third
|
Batting: RHB Rafael Alarcon
|
0-0: SINGLE (Line Drive, 89S, EV 93.1 MPH) Alejandro Muniz scores Roscoe Romaine to third Runner from 3rd tries for Home, SAFE, throw by RF to home
|
Batting: RHB Ryan Jennings
|
0-0: Called Strike 0-1: Foul Ball, location: 2F 0-2: Ball 1-2: Ball 2-2: Foul Ball, location: 2F 2-2: Foul Ball, location: 2F 2-2: Foul Ball, location: 2F 2-2: Ball 3-2: Ground out 6-3 (Groundball, 6, EV 80.6 MPH)
|
Bottom of the 7th over - 3 runs, 5 hits, 0 errors, 1 left on base; Orem 2 - Oakland (APP) 14 |
TOP OF THE 8TH |
Orem Owlz batting - Pitching for Oakland (APP) Athletics : RHP Joey Patrick
|
Batting: RHB Daniel Molina
|
0-0: Ball 1-0: Ball 2-0: Ground out 1-3 (Groundball, 23, EV 65.6 MPH)
|
Batting: RHB Fred Saxton
|
0-0: Called Strike 0-1: Ball 1-1: DOUBLE (Groundball, 5L, EV 103.1 MPH)
|
Pitching: RHP Santiago Gonzalez
|
|
Pinch Hitting: RHB Jesse Sargent
|
0-0: Ball 1-0: Swinging Strike 1-1: Ball 2-1: Ball 3-1: Foul Ball, location: 2F 3-2: Base on Balls
|
Batting: LHB Bill Girton
|
0-0: Called Strike 0-1: Swinging Strike 0-2: Ball 1-2: Strikes out swinging
|
Batting: RHB Ivan Barrientos
|
0-0: Swinging Strike 0-1: Ball 1-1: Ball 2-1: Foul Ball, location: 2F 2-2: Foul Ball, location: 2F 2-2: DOUBLE (Groundball, 5L, EV 102.5 MPH) Fred Saxton scores Jesse Sargent to third
|
Batting: SHB David Vigo
|
0-0: Ball Wild Pitch! Jesse Sargent scores Ivan Barrientos to third 1-0: Ball 2-0: Called Strike 2-1: Swinging Strike 2-2: Strikes out swinging
|
Top of the 8th over - 2 runs, 2 hits, 0 errors, 1 left on base; Orem 4 - Oakland (APP) 14 |
BOTTOM OF THE 8TH |
Oakland (APP) Athletics batting - Pitching for Orem Owlz : RHP Arnold Frye
|
Pitching: RHP Jeff Shelton
|
|
Now at 1B: Arnaud Derosiers
|
|
Batting: RHB Ricardo Claros
|
0-0: Foul Ball, location: 2F 0-1: Ball 1-1: Ball 2-1: Ball 3-1: Ground out 6-3 (Groundball, 6, EV 82.5 MPH)
|
Batting: RHB Phoctor Dill
|
0-0: Swinging Strike 0-1: Ground out 6-3 (Groundball, 6D, EV 105.0 MPH)
|
Batting: LHB Bill Helmer
|
0-0: Ball 1-0: Swinging Strike 1-1: Called Strike 1-2: Foul Ball, location: 2F 1-2: Strikes out swinging
|
Bottom of the 8th over - 0 runs, 0 hits, 0 errors, 0 left on base; Orem 4 - Oakland (APP) 14 |
TOP OF THE 9TH |
Orem Owlz batting - Pitching for Oakland (APP) Athletics : RHP Santiago Gonzalez
|
Batting: SHB Yuya Hirata
|
0-0: Called Strike 0-1: Ground out U3 (Groundball, 34, EV 88.8 MPH)
|
Pinch Hitting: RHB Brian Spry
|
0-0: Ball 1-0: Called Strike 1-1: Ball 2-1: Ball 3-1: Foul Ball, location: 2F 3-2: Base on Balls
|
Pinch Hitting: LHB Edgar van der Meeren
|
0-0: Ball 1-0: Foul Ball, location: 2F 1-1: Fielders Choice at 2nd, 4-6 (Groundball, 34, EV 96.9 MPH)
|
Batting: RHB Daniel Molina
|
0-0: Ball 1-0: Ball 2-0: Ball 3-0: Base on Balls Edgar van der Meeren to second
|
Batting: RHB Fred Saxton
|
0-0: Swinging Strike 0-1: Ball 1-1: Foul Ball, location: 2F 1-2: Foul Ball, location: 2F 1-2: Fly out, F7 (Flyball, 7D, EV 90.0 MPH)
|
Top of the 9th over - 0 runs, 0 hits, 0 errors, 2 left on base; Orem 4 - Oakland (APP) 14 |
|